Map: Orbital Shipyard

Players

Bowman - Winner!

  • Race: Protoss Protoss
  • League: Grandmaster

Bails

  • Race: Protoss Protoss
  • League: Master

VOD

Have the link to the VOD?

Description

Time

  • Played on: Feb. 3, 2016, 11:16 a.m.
  • Length: 11:25
Show
View Real Time Build Order
Export as new Build Order

Bowman Protoss - Winner!

Build Orders: Nexus First, Oracle Opening, Zealot Archon 

Get SALT Encoding   

  12  0:01  Probe (Chrono Boost)  
  13  0:11  Probe (Chrono Boost)  
  14  0:18  Pylon  
  14  0:22  Probe (Chrono Boost)  
  15  0:36  Probe (Chrono Boost)  
  15  0:39  Assimilator  
  16  0:46  Probe (Chrono Boost)  
  18  0:57  Probe (Chrono Boost)  
  18  1:05  Nexus  
  18  1:07  Probe (Chrono Boost)  
  19  1:18  Gateway  
  19  1:20  Probe (Chrono Boost)  
  20  1:25  Assimilator  
  20  1:31  Probe (Chrono Boost)  
  21  1:35  Pylon  
  21  1:43  Probe (Chrono Boost)  
  22  1:49  Gateway  
  22  1:53  Probe (Chrono Boost)  
  23  2:04  Probe (Chrono Boost)  
  23  2:05  Cybernetics Core  
  24  2:14  Probe (Chrono Boost), Pylon  
  25  2:17  Probe (Chrono Boost)  
  26  2:25  Probe (Chrono Boost)  
  27  2:31  Probe (Chrono Boost)  
  27  2:35  Probe (Chrono Boost)  
  29  2:42  Stalker x2 (Chrono Boost)  
  32  2:44  Warp Gate (Chrono Boost)  
  32  2:47  Probe  
  32  2:49  Probe  
  34  2:57  Stargate  
  34  3:09  Stalker (Chrono Boost)  
  34  3:12  Stalker (Chrono Boost)  
  38  3:15  Probe x2  
  40  3:21  Forge  
  40  3:27  Probe  
  40  3:29  Pylon  
  42  3:34  Probe (Chrono Boost)  
  42  3:39  Mothership Core (Chrono Boost)  
  44  3:42  Oracle  
  44  3:47  Probe (Chrono Boost)  
  48  3:56  Photon Cannon  
  48  3:58  Probe (Chrono Boost)  
  48  3:59  Probe (Chrono Boost), Photon Cannon  
  50  4:05  Assimilator  
  50  4:08  Probe (Chrono Boost)  
  49  4:14  Probe (Chrono Boost), Phoenix  
  50  4:19  Probe (Chrono Boost)  
  50  4:22  Assimilator  
  53  4:25  Pylon  
  53  4:28  Probe (Chrono Boost)  
  54  4:33  Stargate  
  54  4:43  Probe x2  
  56  4:45  Phoenix  
  57  4:55  Probe x2  
  59  5:03  Pylon  
  59  5:07  Pylon  
  59  5:15  Protoss Ground Weapons Level 1 (Chrono Boost), Probe x2 (Chrono Boost)  
  59  5:19  Robotics Facility  
  61  5:26  Probe (Chrono Boost)  
  61  5:28  Twilight Council  
  62  5:29  Probe (Chrono Boost)  
  63  5:37  Probe, Nexus  
  63  5:39  Sentry, Pylon  
  63  5:40  Zealot  
  68  5:48  Probe  
  68  5:49  Probe  
  67  6:08  Probe  
  67  6:09  Probe  
  73  6:11  Immortal (Chrono Boost)  
  73  6:18  Probe  
  73  6:21  Probe, Charge  
  75  6:29  Probe  
  76  6:33  Probe  
  77  6:42  Probe  
  77  6:45  Probe, Protoss Ground Weapons Level 2, Gateway  
  77  6:46  Gateway  
  79  6:47  Gateway  
  79  6:48  Gateway  
  79  6:51  Gateway  
  79  6:52  Probe, Pylon  
  79  6:54  Probe  
  81  6:57  Probe  
  81  6:59  Templar Archives  
  81  7:00  Observer (Chrono Boost)  
  83  7:01  Zealot x2  
  83  7:02  Probe  
  83  7:06  Probe  
  89  7:09  Assimilator  
  89  7:12  Pylon  
  89  7:14  Probe  
  89  7:15  Photon Cannon  
  89  7:16  Probe  
  89  7:22  Void Ray  
  93  7:32  Immortal (Chrono Boost)  
  93  7:33  Void Ray  
  93  7:34  Probe  
  102  7:38  Assimilator  
  102  7:46  Zealot x2  
  102  7:47  Zealot  
  102  7:50  Pylon  
  108  7:51  Pylon  
  108  7:52  High Templar  
  108  7:53  High Templar  
  108  7:56  Zealot x2  
  108  7:57  Archon  
  116  8:08  Warp Prism (Chrono Boost), Phoenix  
  120  8:16  Phoenix  
  122  8:20  Zealot x5  
  122  8:23  Pylon  
  122  8:25  Pylon  
  132  8:39  Nexus  
  132  8:41  Pylon  
  132  8:43  Pylon  
  132  8:45  High Templar x4  
  140  8:50  Archon x2  
  140  9:11  Immortal (Chrono Boost), High Templar  
  140  9:12  Zealot, High Templar  
  150  9:17  Gateway  
  150  9:19  Gateway  
  150  9:20  Archon  
  150  9:22  Gateway  
  150  9:23  Assimilator  
  150  9:29  Assimilator  
  144  9:32  Photon Cannon  
  144  9:35  High Templar x2  
  144  9:36  Zealot x3  
  152  9:40  Archon  
  152  9:44  Zealot x2  
  156  9:47  Dark Shrine  
  160  10:00  Immortal (Chrono Boost)  
  160  10:11  High Templar x2  
  160  10:12  Zealot x4  
  172  10:17  Pylon  
  172  10:18  Archon, Pylon  
  172  10:19  Zealot  
  172  10:20  Zealot x2, Pylon  
  178  10:21  Zealot  
  178  10:22  Pylon  
  178  10:35  Zealot x2  
  144  10:38  Zealot x2  
  144  10:42  Zealot x2  
  118  10:52  Zealot x4  
Show
View Real Time Build Order
Export as new Build Order

Bails Protoss 

Build Orders: Oracle Opening 

Get SALT Encoding   

  12  0:01  Probe (Chrono Boost)  
  13  0:12  Probe (Chrono Boost)  
  14  0:17  Pylon  
  14  0:22  Probe (Chrono Boost)  
  15  0:35  Gateway  
  15  0:36  Probe (Chrono Boost)  
  15  0:42  Assimilator  
  16  0:46  Probe (Chrono Boost)  
  17  0:51  Assimilator  
  18  0:57  Probe (Chrono Boost)  
  18  1:07  Probe (Chrono Boost)  
  19  1:18  Probe (Chrono Boost)  
  20  1:22  Cybernetics Core  
  20  1:28  Probe (Chrono Boost), Pylon  
  21  1:39  Probe (Chrono Boost)  
  22  1:49  Probe (Chrono Boost)  
  23  1:59  Stalker (Chrono Boost)  
  23  2:00  Mothership Core  
  23  2:01  Warp Gate  
  27  2:20  Stargate  
  27  2:35  Nexus  
  27  2:40  Probe (Chrono Boost)  
  28  2:45  Pylon  
  28  2:51  Probe (Chrono Boost)  
  29  3:02  Probe (Chrono Boost)  
  29  3:04  Oracle (Chrono Boost)  
  33  3:13  Probe  
  33  3:18  Stalker  
  36  3:26  Probe (Chrono Boost)  
  37  3:28  Robotics Facility  
  37  3:38  Probe (Chrono Boost)  
  37  3:40  Pylon  
  39  3:48  Probe (Chrono Boost)  
  39  3:49  Probe (Chrono Boost)  
  40  3:59  Probe (Chrono Boost)  
  40  4:00  Probe (Chrono Boost)  
  42  4:09  Probe (Chrono Boost)  
  43  4:10  Probe (Chrono Boost)  
  43  4:15  Forge  
  44  4:17  Sentry  
  44  4:20  Probe (Chrono Boost)  
  44  4:21  Probe (Chrono Boost), Immortal  
  52  4:27  Pylon  
  52  4:30  Probe (Chrono Boost)  
  53  4:31  Probe (Chrono Boost)  
  53  4:35  Pylon  
  54  4:41  Probe (Chrono Boost)  
  54  4:42  Probe (Chrono Boost)  
  56  4:48  Protoss Ground Weapons Level 1 (Chrono Boost)  
  56  4:49  Twilight Council  
  56  4:51  Probe (Chrono Boost)  
  56  4:52  Probe (Chrono Boost)  
  55  4:55  Assimilator  
  55  4:57  Observer  
  55  4:59  Assimilator  
  53  5:03  Probe  
  53  5:04  Probe  
  52  5:10  Phoenix  
  54  5:15  Probe (Chrono Boost)  
  54  5:16  Probe (Chrono Boost)  
  56  5:27  Probe x2 (Chrono Boost)  
  58  5:36  Nexus  
  58  5:37  Probe (Chrono Boost)  
  58  5:38  Probe (Chrono Boost)  
  60  5:43  Pylon  
  60  5:48  Probe x2 (Chrono Boost)  
  62  5:53  Blink (Chrono Boost)  
  62  5:58  Immortal  
  62  6:01  Probe  
  65  6:05  Stalker  
  65  6:07  Probe  
  68  6:13  Probe  
  69  6:19  Probe  
  69  6:20  Photon Cannon  
  69  6:21  Gateway, Protoss Ground Weapons Level 2  
  69  6:24  Gateway  
  70  6:25  Probe  
  70  6:31  Probe  
  69  6:37  Observer  
  69  6:38  Probe  
  71  6:43  Probe  
  71  6:45  Sentry  
  74  6:47  Photon Cannon  
  74  6:49  Probe  
  74  6:50  Probe  
  74  6:53  Photon Cannon  
  76  6:55  Probe  
  76  6:59  Probe  
  78  7:02  Probe  
  78  7:06  Pylon  
  78  7:07  Probe  
  80  7:10  Probe  
  80  7:12  Templar Archives, Gateway  
  80  7:13  Gateway  
  80  7:14  Probe  
  82  7:19  Probe  
  82  7:20  Probe  
  82  7:21  Stalker  
  86  7:29  Probe  
  86  7:30  Assimilator  
  86  7:35  Stalker  
  86  7:36  Assimilator  
  88  7:40  Charge (Chrono Boost)  
  88  7:48  Gateway  
  88  7:50  Gateway x2  
  88  7:52  Gateway  
  88  7:53  Pylon, High Templar  
  88  7:54  Probe  
  88  7:55  Probe x2  
  93  7:58  Pylon, High Templar  
  93  8:02  Zealot  
  93  8:03  Archon  
  97  8:07  Probe  
  97  8:08  Pylon  
  98  8:12  Nexus  
  98  8:17  Pylon  
  98  8:20  High Templar x2  
  98  8:23  Immortal  
  98  8:24  Archon  
  106  8:27  Protoss Ground Weapons Level 3  
  106  8:31  Robotics Bay  
  106  8:33  Robotics Facility  
  106  8:42  Zealot x3  
  106  8:43  Photon Cannon  
  112  8:50  Probe  
  112  8:51  Probe x2  
  115  8:56  Zealot x2  
  115  9:02  Probe  
  120  9:03  Probe  
  120  9:08  High Templar x2  
  121  9:11  Pylon  
  121  9:12  Archon  
  121  9:14  Zealot x5  
  131  9:19  Phoenix (Chrono Boost)  
  130  9:35  Zealot  
  130  9:37  High Templar x2  
  130  9:40  Archon  
  130  9:41  High Templar x2  
  130  9:43  Zealot x4  
  142  9:46  Archon  
  142  9:51  Assimilator  
  142  9:54  Assimilator  
  142  10:01  High Templar  
  142  10:02  High Templar  
  142  10:04  Zealot x3  
  142  10:05  Pylon  
  142  10:06  Archon  
  152  10:10  Zealot x2  
  156  10:19  Pylon  
  156  10:20  Pylon  
  156  10:22  Photon Cannon  
  156  10:23  High Templar x2  
  156  10:24  Zealot x2  
  164  10:29  Archon  
  164  10:32  Zealot x3  
  164  10:33  Zealot  
  164  10:35  Pylon  
  131  10:37  Zealot  
Tags
 
Add a new tag
Caveats
  • Supply blocks, unpowered buildings, or Contaminate may cause inaccurate times.
  • Supply counts are checked every 10 seconds.